Map: Hard Lead LE

Players

DKZJieShi (Jieshi)

  • Race: Protoss Protoss
  • Spawn Location: 11:00

DRG - Winner!

  • Race: Zerg Zerg
  • Spawn Location: 5:00

Event: IEM Katowice 2024

VOD

Have the link to the VOD?

Description

Time

  • Played on: Dec. 5, 2023, 5:12 a.m.
  • Length: 13:27

All games in this series

Show
View Real Time Build Order
Export as new Build Order

DKZJieShi Protoss 

Build Orders: 1 Gate Expand, Oracle Opening 

Get SALT Encoding   

  12  0:00  Probe  
  13  0:12  Probe  
  14  0:20  Pylon  
  14  0:24  Probe  
  15  0:38  Probe (Chrono Boost)  
  15  0:40  Gateway  
  16  0:47  Probe (Chrono Boost)  
  16  0:49  Assimilator  
  17  0:52  Probe  
  18  1:04  Probe  
  19  1:12  Pylon  
  19  1:16  Probe  
  20  1:30  Nexus  
  20  1:36  Cybernetics Core  
  20  1:39  Probe  
  21  1:44  Assimilator  
  21  1:51  Probe  
  22  1:54  Pylon  
  22  2:03  Probe  
  23  2:10  Adept (Chrono Boost)  
  25  2:15  Probe  
  25  2:21  Stargate  
  26  2:27  Probe  
  27  2:31  Warp Gate  
  27  2:36  Adept  
  29  2:42  Probe (Chrono Boost)  
  31  2:44  Probe (Chrono Boost)  
  32  2:51  Probe (Chrono Boost)  
  32  2:54  Probe (Chrono Boost)  
  32  2:56  Probe (Chrono Boost)  
  34  3:04  Probe  
  35  3:09  Probe  
  35  3:12  Void Ray (Chrono Boost)  
  40  3:16  Probe  
  40  3:19  Pylon  
  39  3:22  Gateway, Probe  
  40  3:28  Probe  
  41  3:34  Probe  
  41  3:39  Oracle (Chrono Boost)  
  41  3:40  Probe  
  46  3:46  Probe  
  47  3:51  Nexus  
  47  3:55  Pylon  
  47  3:58  Probe  
  47  3:59  Probe  
  49  4:06  Oracle (Chrono Boost)  
  52  4:10  Probe  
  52  4:11  Probe  
  52  4:15  Pylon  
  54  4:18  Assimilator  
  54  4:20  Assimilator  
  54  4:22  Probe  
  54  4:23  Probe  
  52  4:28  Twilight Council, Forge  
  52  4:34  Probe  
  52  4:35  Probe  
  54  4:46  Shield Battery, Probe  
  54  4:49  Pylon  
  54  4:51  Gateway, Protoss Ground Weapons Level 1 (Chrono Boost)  
  55  4:53  Gateway  
  55  4:54  Probe  
  55  4:56  Blink (Chrono Boost)  
  55  4:57  Stalker  
  55  4:58  Probe  
  59  5:13  Probe (Chrono Boost)  
  61  5:14  Stalker  
  61  5:17  Probe x2 (Chrono Boost)  
  64  5:26  Probe (Chrono Boost)  
  64  5:27  Gateway, Probe (Chrono Boost)  
  67  5:28  Probe (Chrono Boost)  
  67  5:31  Stalker  
  67  5:33  Probe  
  67  5:35  Probe  
  71  5:37  Probe  
  71  5:42  Gateway x2  
  72  5:45  Gateway x2  
  72  5:47  Sentry, Stalker  
  72  5:49  Probe  
  77  5:58  Stalker x2  
  77  6:02  Photon Cannon  
  81  6:05  Pylon x2  
  81  6:06  Probe  
  81  6:10  Stalker x2  
  86  6:30  Nexus  
  86  6:31  Pylon  
  86  6:33  Stalker x3  
  86  6:34  Probe, Stalker  
  86  6:37  Stalker  
  86  6:39  Stalker  
  99  6:43  Charge  
  99  6:45  Stalker  
  99  6:46  Stalker  
  103  6:47  Pylon  
  103  6:50  Protoss Ground Weapons Level 2 (Chrono Boost)  
  103  6:59  Pylon  
  103  7:04  Stalker x3  
  103  7:05  Stalker  
  111  7:17  Stalker  
  111  7:18  Stalker  
  111  7:21  Pylon  
  115  7:22  Pylon  
  115  7:23  Probe  
  115  7:25  Pylon  
  114  7:44  Pylon  
  110  7:45  Stalker x6  
  110  7:46  Stalker  
  110  7:50  Pylon  
  124  7:52  Stalker  
  124  7:54  Pylon  
  126  8:04  Pylon  
  126  8:05  Pylon  
  126  8:09  Gateway  
  126  8:15  Stalker x3, Pylon  
  126  8:16  Stalker x3  
  126  8:18  Zealot x2  
  118  8:36  Pylon  
  118  8:40  Gateway  
  112  8:52  Stalker x5, Pylon  
  112  8:53  Stalker x3  
  128  9:04  Nexus  
  128  9:06  Pylon  
  128  9:16  Zealot x3  
  128  9:17  Zealot x3  
  125  9:26  Zealot x5  
  133  9:37  Stalker x2  
  135  9:40  Probe  
  135  9:41  Probe x2  
  135  9:43  Protoss Ground Armor Level 1 (Chrono Boost)  
  135  9:45  Stalker x2  
  140  9:46  Zealot x2, Stalker  
  140  9:47  Zealot x2  
  140  9:52  Photon Cannon, Shield Battery  
  134  10:08  Zealot x6  
  134  10:09  Zealot  
  137  10:15  Zealot x2  
  133  10:34  Zealot x2  
  133  10:35  Zealot x5  
  131  10:36  Zealot  
  115  10:45  Zealot  
  85  11:06  Probe  
  86  11:11  Dark Shrine  
  86  11:12  Stalker x4  
  86  11:13  Stalker  
  86  11:17  Nexus  
  96  11:18  Probe  
  96  11:19  Photon Cannon, Shield Battery  
  97  11:31  Probe  
  97  11:32  Probe x2  
  100  11:37  Zealot x3  
  106  11:40  Zealot  
  106  11:45  Probe  
  106  11:46  Probe x2  
  111  12:00  Stalker x2  
  111  12:01  Stalker x3  
  113  12:08  Stalker  
  100  12:19  Nexus  
  100  12:21  Pylon  
  82  12:31  Zealot  
  82  12:33  Dark Templar x2  
  82  12:34  Dark Templar  
  90  12:39  Dark Templar  
  90  12:41  Dark Templar  
  92  12:54  Sentry x2  
  92  12:55  Sentry  
  96  13:13  Archon  
  96  13:15  Stalker x5  
Show
View Real Time Build Order
Export as new Build Order

DRG Zerg - Winner!

Build Orders: Hatch First 

Get SALT Encoding   

  12  0:00  Drone  
  13  0:11  Overlord  
  13  0:16  Drone  
  14  0:30  Drone x2  
  14  0:33  Drone  
  17  0:52  Hatchery  
  17  0:55  Drone  
  17  0:58  Drone  
  18  1:05  Drone  
  19  1:17  Spawning Pool  
  18  1:21  Drone  
  19  1:27  Drone  
  20  1:33  Extractor  
  20  1:39  Drone  
  20  1:49  Drone  
  21  1:59  Overlord  
  21  2:04  Queen  
  21  2:05  Queen  
  25  2:09  Drone  
  25  2:11  Drone  
  27  2:17  Drone  
  27  2:21  Drone  
  29  2:26  Drone  
  30  2:32  Drone  
  30  2:33  Metabolic Boost  
  31  2:48  Zergling x4, Hatchery  
  32  2:51  Overlord  
  32  2:58  Queen  
  34  3:08  Spore Crawler  
  34  3:11  Spore Crawler  
  32  3:17  Drone  
  32  3:18  Drone x4, Queen  
  40  3:21  Overlord  
  40  3:24  Drone  
  41  3:28  Overlord  
  41  3:31  Drone  
  42  3:35  Overlord  
  42  3:39  Queen  
  44  3:45  Drone x3  
  44  3:47  Drone  
  48  3:54  Queen  
  50  3:57  Drone x3  
  52  4:03  Spore Crawler  
  52  4:05  Spore Crawler  
  52  4:07  Drone x3  
  53  4:10  Drone  
  53  4:15  Drone, Evolution Chamber  
  54  4:22  Overlord  
  54  4:23  Drone x4  
  58  4:27  Drone x3  
  61  4:32  Spore Crawler  
  61  4:34  Drone  
  61  4:41  Drone x3  
  61  4:43  Drone  
  64  4:45  Drone  
  64  4:47  Zerg Melee Weapons Level 1  
  64  4:52  Zergling x2  
  66  4:58  Hatchery  
  65  5:01  Drone x6  
  65  5:03  Overlord  
  65  5:05  Drone x2  
  68  5:14  Drone x5  
  68  5:21  Drone  
  74  5:23  Drone x2, Extractor  
  74  5:26  Roach Warren  
  74  5:29  Lair  
  74  5:32  Drone x6  
  74  5:34  Extractor  
  79  5:36  Extractor x2  
  79  5:38  Zergling x8  
  79  5:41  Drone  
  79  5:42  Overlord  
  82  5:48  Overlord  
  82  5:50  Overlord  
  82  5:51  Extractor, Drone  
  82  6:01  Drone x4  
  86  6:08  Zergling x10  
  91  6:14  Hatchery  
  91  6:18  Drone x3  
  92  6:20  Drone  
  92  6:22  Overlord  
  93  6:26  Roach x7  
  93  6:28  Glial Reconstitution  
  93  6:32  Spore Crawler  
  106  6:34  Roach x2  
  106  6:35  Overlord  
  110  6:40  Overlord x2  
  110  6:51  Roach x3  
  116  6:56  Roach  
  116  6:57  Roach x4  
  116  6:58  Ravager x3  
  116  7:00  Zergling x2  
  116  7:01  Zergling x10  
  135  7:04  Zergling x6  
  135  7:08  Zergling x6  
  140  7:12  Zerg Melee Weapons Level 2  
  140  7:14  Evolution Chamber  
  139  7:16  Drone x4  
  139  7:17  Infestation Pit  
  139  7:19  Overlord x3  
  142  7:29  Zergling x12  
  143  7:34  Ravager  
  143  7:36  Roach  
  142  7:41  Queen  
  142  7:43  Zergling x16  
  147  7:46  Zergling x2  
  147  7:47  Zergling x2  
  147  7:49  Ravager x2  
  147  7:50  Ravager x6  
  147  7:51  Zergling x8  
  158  7:55  Hive  
  158  7:58  Zergling x6  
  158  8:02  Zergling x12  
  157  8:05  Zergling x2  
  157  8:06  Zergling x2  
  157  8:08  Roach  
  157  8:09  Roach x2  
  161  8:14  Overseer, Roach x2  
  161  8:18  Overlord x3  
  165  8:25  Zergling x8  
  156  8:31  Zergling x2  
  156  8:32  Zergling x8  
  151  8:36  Roach x5  
  161  8:42  Zergling x2  
  161  8:45  Zergling x8  
  161  8:48  Roach x2  
  146  8:53  Roach  
  148  8:57  Roach x2  
  148  9:00  Roach x4  
  160  9:07  Zergling x6  
  161  9:13  Hatchery  
  161  9:15  Zergling x10  
  163  9:23  Zergling x18  
  151  9:24  Ravager x3  
  151  9:26  Roach  
  151  9:28  Adrenal Glands  
  151  9:31  Zerg Melee Weapons Level 3  
  154  9:35  Zerg Missile Weapons Level 1  
  154  9:36  Zergling x10  
  156  9:41  Roach x3  
  156  9:44  Zergling x8  
  166  9:47  Zergling x6  
  169  9:55  Zergling x4  
  169  9:59  Roach x6  
  180  10:06  Roach x4  
  158  10:14  Roach x4  
  158  10:18  Roach x2  
  166  10:23  Overlord  
  166  10:25  Zergling x8  
  164  10:35  Roach x5  
  151  10:40  Zergling x12  
  138  10:46  Roach x3  
  138  10:47  Roach  
  138  10:48  Roach  
  120  10:52  Roach x2  
  120  10:55  Roach  
  120  10:58  Roach x3  
  120  11:01  Roach x2  
  126  11:07  Roach x3  
  126  11:09  Spore Crawler  
  131  11:12  Ravager x6  
  131  11:16  Roach x3  
  143  11:20  Extractor  
  143  11:21  Extractor  
  143  11:23  Drone x4  
  145  11:26  Infestor  
  145  11:28  Zergling x8  
  151  11:41  Infestor  
  151  11:43  Zergling x8, Hatchery  
  156  11:47  Drone x2  
  156  11:48  Drone  
  153  11:58  Zergling x20  
  154  12:06  Zergling x14  
  145  12:13  Zergling x2  
  145  12:15  Zergling x10  
  141  12:17  Zergling x8  
  141  12:18  Queen  
  141  12:20  Queen  
  125  12:25  Infestor x3  
  130  12:47  Ultralisk Cavern  
  130  12:50  Zergling x14, Hatchery  
  141  13:06  Overseer  
  137  13:17  Spore Crawler  

Tags
 
Add a new tag
Caveats
  • Supply blocks, unpowered buildings, or Contaminate may cause inaccurate times.
  • Supply counts are checked every 10 seconds.